 Dungeon Crawl Stone Soup version 0.27.0-66-gdc8fb28755 (webtiles) character file.

Game seed: 8317994256071019667

23 ZARRMARR the Grasshopper (level 2, 0/26 HPs)
             Began as a Gnoll Warper on Aug 20, 2021.
             Slain by a jackal (2 damage)
             ... on level 1 of the Dungeon.
             The game lasted 00:03:17 (677 turns).

ZARRMARR the Grasshopper (Gnoll Warper)              Turns: 677, Time: 00:03:18

Health: 0/26       AC:  3    Str: 10    XL:     2   Next: 95%
Magic:  7/7        EV: 12    Int: 12    God:
Gold:   3          SH:  0    Dex: 11    Spells: 10/10 levels left

rFire    . . .     SeeInvis .   a - +0 mace
rCold    . . .     Faith    .   (no shield)
rNeg     . . .     Spirit   .   b - +0 leather armour
rPois    .         Reflect  .   (no helmet)
rElec    .         Harm     .   (no cloak)
rCorr    .         Rampage  .   (no gloves)
Will     .....                  (no boots)
Stlth    +.........             (no amulet)
HPRegen  0.08/turn              (no ring)
MPRegen  0.10/turn              (no ring)

@: no status effects
A: fangs 1, strong nose, distributed training
a: no special abilities


You were on level 1 of the Dungeon.
You visited 1 branch of the dungeon, and saw 1 of its levels.

You collected 29 gold pieces.
You spent 26 gold pieces at shops.

Inventory:

Hand Weapons
 a - a +0 mace (weapon)
Missiles
 d - 3 boomerangs of dispersal
 h - 11 poisoned darts (quivered)
Armour
 b - a +0 leather armour (worn)
Scrolls
 c - a scroll of blinking
Potions
 e - a potion of curing
 f - a potion of heal wounds {unknown}
 g - a potion of flight {unknown}


   Skills:
 + Level 4.5 Fighting
 + Level 0.5 Short Blades
 + Level 0.5 Long Blades
 + Level 0.5 Axes
 + Level 4.5 Maces & Flails
 + Level 0.5 Polearms
 + Level 0.5 Staves
 + Level 0.5 Slings
 + Level 0.5 Bows
 + Level 0.5 Crossbows
 + Level 2.5 Throwing
 + Level 2.5 Armour
 + Level 4.5 Dodging
 + Level 0.5 Stealth
 + Level 0.5 Shields
 + Level 0.5 Unarmed Combat
 + Level 4.9 Spellcasting
 + Level 0.4 Conjurations
 + Level 0.4 Hexes
 + Level 0.4 Summonings
 + Level 0.4 Necromancy
 + Level 5.4 Translocations
 + Level 0.4 Transmutations
 + Level 0.4 Fire Magic
 + Level 0.4 Ice Magic
 + Level 0.4 Air Magic
 + Level 0.4 Earth Magic
 + Level 0.4 Poison Magic
 + Level 0.7 Invocations
 + Level 0.5 Evocations


You had 10 spell levels left.
You didn't know any spells.
Your spell library contained the following spells:

 Spells                   Type           Power      Damage    Failure   Level
 Blink                    Tloc           N/A        N/A       4%          2
 Gell's Gravitas          Tloc           7%         N/A       9%          3
 Lesser Beckoning         Tloc           7%         N/A       9%          3
 Teleport Other           Tloc           15%        N/A       9%          3
 Manifold Assault         Tloc           15%        N/A       63%         5


Dungeon Overview and Level Annotations

Branches:
Dungeon (1/15)

Altars:

Shops:
D:1 !?[


Innate Abilities, Weirdness & Mutations

You have very sharp teeth.
Your uncanny sense of smell can sniff out nearby items.
Your experience applies equally to all skills.


Message History

The jackal bites you but does no damage.
You hit the jackal.
You kill the jackal!
The jackal misses you.
The jackal bites you but does no damage.
The rat misses you.
The jackal bites you but does no damage.
The jackal misses you.
The jackal bites you but does no damage.
You hit the jackal.
The jackal is severely wounded.
The jackal closely misses you. The rat bites you but does no damage.
The jackal bites you.
The jackal bites you but does no damage. x2
The rat bites you but does no damage.
You hit the jackal.
You kill the jackal!
The jackal bites you. x2; The jackal misses you.
The rat bites you but does no damage.
You closely miss the jackal.
The jackal bites you but does no damage.
The jackal closely misses you. The jackal completely misses you.
The rat bites you. The jackal bites you.
* * * LOW HITPOINT WARNING * * *
You miss the jackal. The jackal barely misses you. The jackal misses you.
The rat completely misses you.
The jackal bites you but does no damage.
You hit the jackal. Your bite misses the jackal.
The jackal is severely wounded.
The jackal closely misses you. x2; The rat bites you.
* * * LOW HITPOINT WARNING * * *
The jackal barely misses you. The jackal misses you.
You closely miss the jackal.
The jackal is severely wounded.
The jackal bites you.
* * * LOW HITPOINT WARNING * * *
The rat bites you.
* * * LOW HITPOINT WARNING * * *
The jackal barely misses you. The jackal bites you.
You die...

...(.......#.# ..
.#....#.#..#.##........
.#....#.#..#.##........
.....................#
.#....#...........#..#
.#....###...###......##.
......###...###.........
#.#..............h......
#...............@h.._...
#.∩.##.##........r......
#...##.#................
..#.##.####.###...#.##..
###.# .# #.# #...#.# .
..# #.. ....... .## #.#
#.#.#.## . #######


You could see 2 jackals and a rat.

Vanquished Creatures
  2 bats (D:1)
  4 endoplasms (D:1)
  3 goblins (D:1)
  2 hobgoblins (D:1)
  2 jackals (D:1)
  2 quokkas (D:1)
  A ball python (D:1)
  A frilled lizard (D:1)
  A kobold (D:1)
  A rat (D:1)
19 creatures vanquished.

Notes
Turn   | Place    | Note
-------+----------+-------------------------------------------
     0 | D:1      | ZARRMARR the Gnoll Warper began the quest for the Orb.
     0 | D:1      | Reached XP level 1. HP: 20/20 MP: 6/6
   279 | D:1      | Reached XP level 2. HP: 24/26 MP: 7/7
   527 | D:1      | Found Vuttale's Distillery.
   531 | D:1      | Found Tonydeg's Magic Scroll Shoppe.
   541 | D:1      | Bought a scroll of identify for 26 gold pieces
   638 | D:1      | Found Bigott's Armour Shop.
   661 | D:1      | Found a faded altar of an unknown god.
   677 | D:1      | Slain by a jackal

Illustrated notes

Levels and vault maps discovered:
D:1:      dpeg_arrival_rhombus, layout_basic,
          ebering_ecumenical_altar_sacrificial, serial_shops, shop, shop,
          nicolae_shop_stone, shop, minmay_misc_feat_x

Action                   || total
-------------------------++-------
Melee: Mace              ||    46
       Bite              ||     1
Throw: Boomerang         ||     2
       Dart              ||     5
  Use: Scroll            ||     1
Armor: Leather armour    ||    19
Dodge: Dodged            ||    55
